 Seeded DCSS version 0.25-a0-780-g622e69b (webtiles) character file.

Game seed: 4228302122948039985, levelgen mode: deterministic

635500 Odyssey the Conqueror (level 27, -4/273 HPs)
             Began as a Minotaur Berserker on Apr 14, 2020.
             Was an Elder of Trog.
             Slain by an Orb Guardian (20 damage)
             ... on level 5 of the Realm of Zot.
             The game lasted 05:08:35 (77282 turns).

Odyssey the Conqueror (Minotaur Berserker)         Turns: 77282, Time: 05:08:35

Health: -4/273     AC: 37    Str: 25    XL:     27
Magic:  33/33      EV: 17    Int:  2    God:    Trog [****..]
Gold:   4882       SH: 24    Dex: 17    Spells: 26/26 levels left

rFire    + + +     SeeInvis .   b - +9 eveningstar (flame)
rCold    + + .     Gourm    .   n - +6 kite shield "Tiathrer" {rElec rN+}
rNeg     + + +     Faith    .   L - +3 gold dragon scales
rPois    +         Spirit   .   s - +1 hat
rElec    +         Reflect  .   m - +2 cloak {rPois}
rCorr    .         Harm     .   h - +0 pair of fencer's gloves {Riposte Dex+3}
MR       +++++     Clarity  +   W - +2 pair of boots {Stlth+} Stlth ..........Rnd*Tele +
                                Z - amulet of the Four Winds {rN+ MR+++ Clar}
HPRegen  1.55/turn              u - ring of protection from fire
MPRegen  0.23/turn              O - ring of Knowledge {rF+ rC+ rN+ MR+}

@: regenerating
A: retaliatory headbutt, hooves 1, horns 2, molten scales 1, blurry vision 1,
clarity, clumsy 1, deformed body, dopey 1, sense surroundings 1, screaming 1,
teleportitis 1, weak 2, wild magic 1
}: 3/15 runes: serpentine, barnacled, silver
a: Berserk, Trog's Hand, Brothers in Arms, Renounce Religion


You were on level 5 of the Realm of Zot.
You worshipped Trog.
Trog was greatly pleased with you.
You were not hungry.

You visited 9 branches of the dungeon, and saw 49 of its levels.
You visited 1 bazaar.
You also visited: Gauntlet and Ice Cave.

You collected 7719 gold pieces.
You spent 2837 gold pieces at shops.

Inventory:

Hand Weapons
 a - the +9 eveningstar "Arcanum" {holy, Dex+2}
   (You acquired it on level 2 of the Lair of Beasts)

   It has been blessed by the Shining One to cause great damage to the undead
   and demons.
   It affects your dexterity (+2).
 b - a +9 eveningstar of flaming (weapon)
Missiles
 D - 17 silver javelins
 Q - 29 javelins (quivered)
 Y - 6 throwing nets
Armour
 h - the +0 pair of fencer's gloves (worn) {Riposte Dex+3}
   (You found it on level 5 of the Vaults)

   It affects your dexterity (+3).
 m - a +2 cloak of poison resistance (worn)
 n - the +6 kite shield "Tiathrer" (worn) {rElec rN+}
   (You bought it in a shop on level 3 of the Snake Pit)

   It insulates you from electricity.
   It protects you from negative energy.
 s - a +1 hat (worn)
 L - +3 gold dragon scales (worn)
 W - a +2 pair of boots of stealth (worn)
Jewellery
 u - a ring of protection from fire (left hand)
 w - an uncursed ring of protection from cold
 F - an uncursed ring of poison resistance
 O - the ring of Knowledge (right hand) {rF+ rC+ rN+ MR+}
   (You bought it in a shop on level 2 of the Orcish Mines)

   [ring of positive energy]

   It protects you from fire.
   It protects you from cold.
   It protects you from negative energy.
   It affects your resistance to hostile enchantments.
 Z - the amulet of the Four Winds (around neck) {rN+ MR+++ Clar}
   (You bought it in a shop on level 1 of the Depths)

   [amulet of nothing]

   It protects you from negative energy.
   It affects your resistance to hostile enchantments.
   It protects you against confusion.
Wands
 C - a wand of acid (25)
 E - a wand of iceblast (49)
 H - a wand of digging (24)
 P - a wand of disintegration (22)
 T - a wand of enslavement (48)
 V - a wand of clouds (11)
 X - a wand of paralysis (41)
Scrolls
 f - 4 scrolls of blinking
 g - a scroll of silence
 q - 2 scrolls of summoning
 x - 5 scrolls of magic mapping
 y - 5 scrolls of fear
 z - 23 scrolls of remove curse
 G - 12 scrolls of teleportation
 I - 33 scrolls of identify
 N - 4 scrolls of fog
 U - 2 scrolls of holy word
Potions
 e - 6 potions of cancellation
 i - 3 potions of heal wounds
 j - 7 potions of might
 k - 10 potions of curing
 l - 4 potions of resistance
 r - 8 potions of flight
 v - 5 potions of invisibility
 B - 3 potions of berserk rage
 M - a potion of haste
Miscellaneous
 J - 4 phantom mirrors
 K - a box of beasts
 S - a lightning rod (4/4)
Comestibles
 c - 90 rations


   Skills:
 O Level 27 Fighting
 - Level 18.0 Maces & Flails
 - Level 16.0 Throwing
 + Level 26.4 Armour
 + Level 18.5 Dodging
 + Level 24.5 Shields
 - Level 15.0 Evocations


You had 26 spell levels left.
You didn't know any spells.
Your spell library was empty.

Dungeon Overview and Level Annotations

Branches:
Dungeon (15/15)            Temple (0/1) D:5            Lair (6/6) D:8
 Shoals (4/4) Lair:4        Snake (4/4) Lair:2        Slime (0/5) Lair:6
    Orc (2/2) D:12            Elf (3/3) Orc:2        Vaults (5/5) D:14
  Crypt (0/3) Vaults:2     Depths (5/5) D:15            Zot (5/5) Depths:5
  IceCv (visited)         Gauntlet (visited)

Altars:
Kikubaaqudgha
Nemelex Xobeh
Okawaru
Qazlal
Sif Muna
Trog
Vehumet
Yredelemnul
The Shining One

Shops:
D:7 }   Orc:1 :   Orc:2 =%:=   Snake:3 [   Snake:4 }*=[   Vaults:1 *
Vaults:2 }   Depths:1 *=%(!

Portals:
Hell: Depths:1 Depths:2 Depths:3 Depths:4 Depths:5
Abyss: Depths:1 Depths:3 Depths:4
Pandemonium: Depths:3 Depths:5
Ziggurat: Depths:4

Annotations:
Lair:4 exclusion: 2 oklob plants


Innate Abilities, Weirdness & Mutations

You reflexively headbutt those who attack you in melee.
You have a pair of horns on your head.
You have large cloven feet.
You are partially covered in molten scales. (AC +2)
Scrolls take you a little longer to read.
You possess an exceptional clarity of mind.
You are clumsy. (Dex -2)
Armour fits poorly on your strangely shaped body.
You are dopey. (Int -2)
You passively map a small area around you.
You occasionally shout uncontrollably at your foes.
You are occasionally teleported next to monsters.
You are very weak. (Str -4)
Your spells are a little harder to cast, but a little more powerful.


Message History

Your ogre barely misses the Orb Guardian.
The Orb Guardian hits you.
* * * LOW HITPOINT WARNING * * *
The Orb Guardian hits you but does no damage.
You block the Orb Guardian's attack. x3
You fail to use your ability.
The Orb Guardian hits you!
* * * LOW HITPOINT WARNING * * *
Your ogre hits the Orb Guardian with a +0 giant club!
The Orb Guardian dies!
Trog accepts your kill. The Orb Guardian hits you!
* * * LOW HITPOINT WARNING * * *
The Orb Guardian closely misses you. You furiously retaliate!
You headbutt the Orb Guardian, but do no damage.
You riposte.
You hit the Orb Guardian. You burn the Orb Guardian.
You headbutt the Orb Guardian.
The Orb Guardian is moderately wounded.
You block the Orb Guardian's attack.
Your ogre misses the Orb Guardian. The Orb Guardian hits you!!
You die...

.........## * , ,,
..........# ▓▓▓▓▓▓▓▓▓ , ,
..^..k....▓▓▓.......▓▓* ..
, ..^...^...▓▓.........▓▓
...,
..^q......▓.........^.▓....
d.D*d*..........0......^...
p.XL§)d..(▓.....OO....▓, ,
..dq{dq...▓▓....XX...▓▓ ,
...dd.....▓▓▓..X@XX.▓▓*, ,
..........▓ ▓▓▓▓▓▓▓▓▓ , ,
.........▓▓ , , .......▓▓▓
, ....▓▓▓▓ ▓▓▓▓


You could see 5 Orb Guardians and 2 friendly ogres.

Vanquished Creatures
  6 ancient liches
  6 orbs of fire
  Mara (Depths:1)
  A juggernaut (Depths:3)
  Sojobo (Depths:1)
  Boris (Depths:5)
  Bai Suzhen (Depths:3)
  Saint Roka (Snake:2)
  Xtahua (Depths:4)
  2 caustic shrikes (Depths:3)
  6 curse toes
  Nikola (Elf:1)
  14 golden dragons
  A bone dragon (Zot:3)
  17 tentacled monstrosities
  4 electric golems
  14 Orb Guardians (Zot:5)
  7 titans
  3 liches
  5 quicksilver dragons
  5 deep elf blademasters
  Polyphemus (Shoals:3)
  A draconian monk (Zot:5)
  Kirke (Lair:6)
  16 death cobs
  5 sphinxes
  4 tengu reavers
  9 shadow dragons
  11 nagarajas
  4 draconian knights
  8 storm dragons
  7 fire giants
  Roxanne (Elf:1)
  17 frost giants
  10 deep elf sorcerers
  4 draconian scorchers
  2 iron dragons
  Aizul (Elf:1)
  A balrug (Depths:1)
  2 ghost moths
  16 vault wardens
  4 orc warlords
  3 draconian stormcallers
  A juggernaut zombie (Depths:2)
  8 draconian annihilators
  5 draconian shifters
  4 war gargoyles
  7 deep elf elementalists (Elf:3)
  15 stone giants
  2 very ugly things
  An entropy weaver (Vaults:4)
  13 ironheart preservers
  A vampire knight (Depths:3)
  10 deep elf demonologists
  8 green draconians
  A minotaur (Gauntlet)
  16 purple draconians
  15 black draconians
  8 red draconians
  9 deep elf annihilators
  10 yellow draconians
  8 spark wasps
  6 white draconians
  A blizzard demon (Zot:5)
  3 merfolk javelineers
  Snorg (Lair:3)
  6 fire dragons
  21 ettins
  6 deep elf death magi
  7 deep elf high priests
  7 merfolk impalers
  12 yaktaur captains
  Harold (D:8)
  28 vault guards
  6 great orbs of eyes
  18 ice dragons
  11 hydras
  The ghost of HilariousDeathArtist the Fighter, a journeyman VSBe of Trog (D:13)
  4 naga warriors (Snake:4)
  A hydra (shapeshifter) (Depths:3)
  6 rakshasas
  5 spriggan air magi
  3 death knights
  4 catoblepae
  12 centaur warriors
  13 anacondas
  12 merfolk aquamancers
  4 merfolk avatars
  8 deep troll shamans
  22 dancing weapons
  23 death yaks
  18 ogre magi
  A satyr (Shoals:2)
  3 tengu warriors
  54 two-headed ogres
  2 spriggan berserkers
  6 deep troll earth magi
  A titan zombie (Depths:2)
  A vampire mage (Depths:4)
  6 naga sharpshooters
  A shock serpent (shapeshifter) (Vaults:4)
  3 orc high priests
  2 shock serpents (Snake:4)
  17 deep elf knights
  A salamander mystic (Depths:1)
  A sixfirhy (Depths:3)
  3 hell knights (Depths:4)
  16 sea snakes
  7 unseen horrors
  15 deep elf archers
  A swamp dragon (Zot:4)
  5 glowing orange brains
  A shadow demon (Depths:3)
  A torturous demonspawn (Depths:3)
  4 iron trolls
  The ghost of Divap the Slinger, a novice HaHu of Nemelex Xobeh (D:7)
  5 naga ritualists
  26 deep trolls
  5 wizards
  2 flayed ghosts
  A golden dragon skeleton (Depths:3)
  11 ironbrand convokers
  An obsidian statue (Gauntlet)
  Pikel (D:8)
  4 phantasmal warriors
  63 deep elf magi
  9 necromancers
  5 fauns (Shoals:3)
  42 ugly things
  15 orc knights
  18 harpies
  12 mana vipers
  9 orc sorcerers
  2 wolf spiders
  13 manticores
  7 cyclopes
  A fire giant zombie (Depths:2)
  A shadow dragon skeleton (Depths:3)
  A frost giant skeleton (Depths:2)
  12 salamanders
  13 elephants
  9 merfolk sirens
  24 moths of wrath
  31 black mambas
  8 guardian serpents
  15 vault sentinels
  4 water nymphs
  Psyche (D:8)
  A water nymph (shapeshifter) (Depths:4)
  2 ice statues (IceCv)
  8 naga magi
  2 eyes of devastation (shapeshifter)
  A smoke demon (Gauntlet)
  2 gargoyles
  A torpor snail (shapeshifter) (Vaults:1)
  10 spiny frogs
  3 spectral swamp worms (Depths:5)
  A kobold demonologist (D:11)
  3 rime drakes
  32 yaktaurs
  3 freezing wraiths
  9 komodo dragons
  2 yaktaurs (shapeshifter)
  A komodo dragon (shapeshifter) (Zot:3)
  10 ice devils (IceCv)
  4 tengu conjurers
  A red devil (Depths:3)
  3 polar bears
  6 wind drakes
  A meliai (shapeshifter) (Depths:1)
  A queen bee (shapeshifter) (D:15)
  8 trolls
  2 small abominations
  6 hornets
  Prince Ribbit (D:8)
  19 blink frogs
  Grinder (D:6)
  6 snapping turtles
  26 merfolk
  A slime creature (shapeshifter) (Vaults:5)
  37 slime creatures
  8 dream sheep
  A frost giant simulacrum (Depths:3)
  13 hippogriffs
  A spriggan zombie (Depths:3)
  A tarantella (Vaults:4)
  A shadow (D:11)
  Sigmund (D:2)
  A spriggan simulacrum (Depths:2)
  2 spriggans (Depths:3)
  A ynoxinul (Depths:3)
  3 redbacks (Vaults:4)
  4 wyverns
  3 wraiths
  2 basilisks (shapeshifter)
  A fire elemental (Elf:1)
  A hog (shapeshifter) (D:15)
  29 yaks
  2 yaks (shapeshifter)
  2 hogs (Lair:5)
  26 water elementals
  A steam dragon (shapeshifter) (Depths:3)
  20 humans (D:14)
  3 basilisks
  3 hungry ghosts
  4 vampire mosquitoes (D:14)
  A warg (shapeshifter) (Vaults:5)
  Menkaure (D:6)
  9 wargs
  36 nagas
  2 soldier ants
  An acid dragon (Zot:4)
  12 water moccasins
  2 soldier ants (shapeshifter)
  A floating eye (shapeshifter) (Vaults:4)
  An acid dragon (shapeshifter) (Vaults:1)
  7 porcupines
  3 black bears
  36 orc warriors
  14 ice beasts
  6 sky beasts
  Purgy (D:3)
  An eye of draining (D:13)
  2 necrophages
  2 phantoms (D:13)
  53 ogres
  11 boggarts
  11 wolves
  18 centaurs
  5 crocodiles
  5 big kobolds
  18 bullfrogs
  A wyvern zombie (D:14)
  A gnoll sergeant (D:6)
  4 earth elementals
  4 scorpions
  2 wyvern skeletons
  7 killer bees
  13 wights
  5 howler monkeys
  10 electric eels
  16 crimson imps
  3 bullfrog zombies
  4 centaur zombies
  6 hounds
  10 jellies
  7 centaur skeletons
  A jelly (shapeshifter) (Depths:2)
  44 orc wizards
  Crazy Yiuf (D:3)
  2 bullfrog skeletons
  26 orc priests
  An iron imp (Depths:4)
  Jessica (D:2)
  16 iguanas
  Terence (D:3)
  Natasha (thrice) (D:3)
  8 worker ants
  2 hound zombies (D:10)
  Robin (D:3)
  12 gnolls
  14 adders
  4 shadow imps
  10 white imps (IceCv)
  4 ufetubi (IceCv)
  2 oozes
  An adder zombie (D:9)
  3 adder skeletons
  A worm (D:3)
  3 dart slugs
  5 leopard geckos
  99 orcs
  4 ball pythons
  4 giant cockroaches
  19 goblins
  9 hobgoblins
  31 jackals
  5 quokkas
  10 bats
  3 frilled lizards
  A giant cockroach zombie (D:5)
  24 kobolds
  A quokka skeleton (D:7)
  6 rats
  3 crawling corpses (Elf:3)
  5 plants
2252 creatures vanquished.

Vanquished Creatures (collateral kills)
  An Orb Guardian (Zot:5)
  An orc warlord (Depths:1)
  A merfolk (Shoals:4)
3 creatures vanquished.

Vanquished Creatures (others)
  A quicksilver dragon (Zot:1)
  A deep elf master archer (Elf:3)
  A draconian monk (Zot:1)
  A draconian scorcher (Zot:1)
  An ironheart preserver (Vaults:5)
  A reaper (IceCv)
  A stone giant (Depths:1)
  A deep elf annihilator (Elf:3)
  A purple draconian (Zot:1)
  A yellow draconian (Zot:1)
  2 black draconians (Zot:1)
  A crystal guardian (Vaults:3)
  A great orb of eyes (Vaults:3)
  A centaur warrior (Vaults:4)
  An ogre mage (Vaults:5)
  A salamander mystic (Snake:3)
  A deep elf knight (Elf:2)
  A wizard (Vaults:3)
  2 deep elf archers (Elf:3)
  A deep elf mage (Elf:2)
  2 cyclopes
  A moth of wrath (Zot:1)
  4 yaktaurs
  A blink frog (Lair:6)
  A water elemental (Shoals:4)
  A human (Lair:6)
  A water moccasin (Lair:6)
  An orc warrior (Orc:2)
  4 slaves (D:8)
  3 ogres (Vaults:5)
  2 boggarts
  A crocodile (Lair:6)
  A centaur (D:13)
  2 orc wizards
  4 white imps (IceCv)
  An ufetubus (IceCv)
  An orc (Vaults:2)
  A jackal (D:8)
  2 kobolds
  9 demonic plants (Gauntlet)
  7 fungi
  9 plants
81 creatures vanquished.

Grand Total: 2336 creatures vanquished

Notes
Turn   | Place    | Note
-------+----------+-------------------------------------------
     0 | D:1      | Odyssey the Minotaur Berserker began the quest for the Orb.
     0 | D:1      | Reached XP level 1. HP: 19/19 MP: 0/0
   114 | D:1      | Reached skill level 4 in Fighting
   114 | D:1      | Reached XP level 2. HP: 17/27 MP: 1/1
   170 | D:1      | HP: 1/27 [hobgoblin/+0 club (4)]
  1138 | D:2      | Reached XP level 3. HP: 23/34 MP: 2/2
  1499 | D:2      | Noticed Jessica
  1504 | D:2      | Killed Jessica
  1510 | D:2      | Reached ** piety under Trog
  1514 | D:2      | Reached XP level 4. HP: 35/41 MP: 3/3
  1547 | D:2      | Reached skill level 5 in Fighting
  1547 | D:2      | Reached skill level 5 in Maces & Flails
  2036 | D:2      | Noticed Sigmund
  2055 | D:2      | Killed Sigmund
  2055 | D:2      | Reached skill level 6 in Fighting
  2055 | D:2      | Reached XP level 5. HP: 50/50 MP: 4/4
  2072 | D:2      | Reached XP level 6. HP: 52/57 MP: 5/5
  2388 | D:3      | Noticed Purgy
  2389 | D:3      | Noticed Robin
  2415 | D:3      | Killed Purgy
  2417 | D:3      | Noticed Natasha
  2426 | D:3      | Killed Natasha
  2437 | D:3      | Killed Robin
  2447 | D:3      | Reached skill level 7 in Fighting
  2488 | D:3      | Noticed Natasha
  2494 | D:3      | Killed Natasha
  2737 | D:3      | Noticed Natasha
  2740 | D:3      | Killed Natasha
  2740 | D:3      | Reached *** piety under Trog
  2743 | D:3      | Noticed Terence
  2752 | D:3      | Killed Terence
  2752 | D:3      | Reached XP level 7. HP: 59/66 MP: 6/6
  2884 | D:3      | Found a runed translucent door.
  2885 | D:3      | Noticed Crazy Yiuf
  2943 | D:3      | Killed Crazy Yiuf
  3710 | D:4      | Reached skill level 8 in Fighting
  4213 | D:5      | Entered Level 5 of the Dungeon
  4377 | D:5      | Found a staircase to the Ecumenical Temple.
  4448 | D:5      | Found a transporter.
  4476 | D:5      | Found a transporter.
  4518 | D:5      | Reached XP level 8. HP: 74/75 MP: 7/7
  4948 | D:5      | Reached skill level 9 in Fighting
  5364 | D:6      | Reached **** piety under Trog
  5624 | D:6      | Found a basalt altar of Yredelemnul.
  5715 | D:6      | Noticed Menkaure
  5725 | D:6      | Killed Menkaure
  6004 | D:6      | Noticed Grinder
  6229 | D:6      | Killed Grinder
  6229 | D:6      | Reached XP level 9. HP: 85/85 MP: 8/8
  6239 | D:6      | Found a stormy altar of Qazlal.
  6520 | D:7      | Noticed Divap's ghost (novice HaHu)
  6527 | D:7      | Found a runed translucent door.
  6559 | D:7      | Found Xossisoi's Gadget Shoppe.
  6675 | D:7      | Reached skill level 10 in Fighting
  6675 | D:7      | Reached skill level 10 in Maces & Flails
  6675 | D:7      | Reached skill level 5 in Armour
  6974 | D:7      | Reached skill level 5 in Dodging
  7587 | D:7      | Found an iron altar of Okawaru.
  7751 | D:8      | Reached skill level 11 in Fighting
  7798 | D:8      | Noticed a death yak
  7818 | D:8      | Killed a death yak
  7818 | D:8      | Reached XP level 10. HP: 58/96 MP: 9/9
  8031 | D:8      | Noticed a death yak
  8032 | D:8      | Noticed a death yak
  8033 | D:8      | Noticed a death yak
  8034 | D:8      | Noticed a death yak
  8046 | D:7      | Killed a death yak
  8214 | D:7      | Killed a death yak
  8314 | D:8      | Killed a death yak
  8314 | D:8      | Reached skill level 12 in Fighting
  8325 | D:8      | Killed a death yak
  8327 | D:8      | Reached ***** piety under Trog
  8327 | D:8      | Received a gift from Trog
  8485 | D:8      | Noticed Harold
  8497 | D:8      | Killed Harold
  8550 | D:8      | Found a staircase to the Lair.
  8572 | D:8      | Reached XP level 11. HP: 105/105 MP: 10/10
  8768 | D:8      | Noticed Pikel
  8772 | D:8      | Killed Pikel
  8773 | D:8      | Noticed a white ugly thing
  8897 | D:8      | Killed a white ugly thing
  8897 | D:8      | Reached skill level 13 in Fighting
  8905 | D:8      | Killed an unseen horror
  9074 | D:8      | Noticed Psyche
  9100 | D:8      | Killed Psyche
  9100 | D:8      | Reached skill level 15 in Maces & Flails
  9351 | D:8      | Noticed a green ugly thing
  9358 | D:8      | Killed a green ugly thing
  9448 | D:8      | Noticed Prince Ribbit
  9454 | D:8      | Killed Prince Ribbit
  9689 | D:9      | Found a glowing golden altar of the Shining One.
  9728 | D:9      | Noticed a two-headed ogre
  9738 | D:9      | Killed a two-headed ogre
  9738 | D:9      | Reached skill level 1 in Shields
 10119 | D:9      | Noticed a two-headed ogre
 10134 | D:9      | Killed a two-headed ogre
 10142 | D:9      | Found an iron altar of Okawaru.
 10257 | D:9      | Received a gift from Trog
 10485 | D:10     | Entered Level 10 of the Dungeon
 10863 | D:10     | Reached skill level 14 in Fighting
 10901 | D:10     | Reached XP level 12. HP: 99/117 MP: 11/11
 10975 | D:10     | Noticed a two-headed ogre
 10990 | D:10     | Killed a two-headed ogre
 10990 | D:10     | Reached skill level 5 in Shields
 11624 | D:11     | Received a gift from Trog
 11627 | D:11     | Got a warped dire flail {god gift}
 11635 | D:11     | Identified the +11 dire flail "Eweq Alifi" {vorpal, +Fly
                  | rF++ Stlth+} (Trog gifted it to you on level 11 of the
                  | Dungeon)
 12640 | D:11     | Reached skill level 15 in Fighting
 12987 | Lair:1   | Entered Level 1 of the Lair of Beasts
 13211 | Lair:1   | Noticed a four-headed hydra
 13231 | Lair:1   | Killed a four-headed hydra
 13363 | Lair:1   | Noticed a five-headed hydra
 13410 | Lair:1   | Killed a five-headed hydra
 13889 | Lair:1   | Received a gift from Trog
 13981 | Lair:1   | Noticed an eight-headed hydra
 13990 | Lair:1   | Killed an eight-headed hydra
 14450 | Lair:2   | Reached skill level 10 in Shields
 14500 | Lair:2   | Noticed a death yak
 14513 | Lair:2   | Killed a death yak
 14513 | Lair:2   | Reached skill level 16 in Fighting
 14513 | Lair:2   | Reached XP level 13. HP: 128/128 MP: 12/12
 14528 | Lair:2   | Identified a scroll of acquirement
 14530 | Lair:2   | Identified the +9 eveningstar "Arcanum" {holy, Dex+2} (You
                  | acquired it on level 2 of the Lair of Beasts)
 14530 | Lair:2   | Identified the amulet "Toxen" {Acrobat +Blink rPois} (You
                  | acquired it on level 2 of the Lair of Beasts)
 14580 | Lair:2   | Found a staircase to the Snake Pit.
 15219 | Lair:3   | Noticed Snorg
 15229 | Lair:3   | Killed Snorg
 16064 | Lair:4   | Found a frozen archway.
 16117 | IceCv    | Entered an ice cave
 16133 | IceCv    | Received a gift from Trog
 16226 | IceCv    | Killed a reaper
 16476 | IceCv    | Found the +10 zealot's sword {holy, *Rage rN+ EV+3}
 17173 | Lair:4   | Reached skill level 17 in Fighting
 17173 | Lair:4   | Reached XP level 14. HP: 140/140 MP: 13/13
 17224 | Lair:4   | Found a staircase to the Shoals.
 18101 | Lair:5   | Received a gift from Trog
 18359 | Lair:6   | Entered Level 6 of the Lair of Beasts
 18578 | Lair:6   | Found a staircase to the Slime Pits.
 18857 | Lair:6   | Noticed Kirke
 18895 | Lair:6   | Killed Kirke
 18987 | Lair:6   | Reached skill level 10 in Armour
 19521 | Lair:6   | Reached skill level 10 in Dodging
 20026 | D:7      | Killed Divap's ghost
 20038 | D:7      | Gained mutation: You have a beak for a mouth. [potion of
                  | mutation]
 20038 | D:7      | Gained mutation: Your mind is acute. (Int +2) [potion of
                  | mutation]
 20243 | D:12     | Reached skill level 1 in Throwing
 20243 | D:12     | Reached skill level 1 in Evocations
 20249 | D:12     | Found a staircase to the Orcish Mines.
 20671 | D:12     | Received a gift from Trog
 21174 | D:13     | Reached skill level 18 in Fighting
 21282 | D:13     | Found a runed translucent door.
 21283 | D:13     | Noticed HilariousDeathArtist's ghost (journeyman VSBe)
 21299 | D:13     | Killed HilariousDeathArtist's ghost
 21299 | D:13     | Reached XP level 15. HP: 149/149 MP: 15/15
 21516 | D:13     | You fall into a shaft and drop 2 floors!
 21516 | D:15     | Entered Level 15 of the Dungeon
 21722 | D:15     | Received a gift from Trog
 21732 | D:15     | Got a distressingly furry scale mail
 21755 | D:15     | Identified the +3 scale mail "Gist" {MP+9 Dex+4} (You found
                  | it on level 15 of the Dungeon)
 22084 | D:14     | Received a gift from Trog
 22124 | D:14     | Found a gate leading to a gauntlet.
 22131 | Gauntlet | Entered a Gauntlet
 22131 | Gauntlet | Found a transporter.
 22132 | Gauntlet | Found a large runed translucent door.
 22133 | Gauntlet | Found a large runed translucent door.
 22134 | Gauntlet | Found a large runed translucent door.
 22134 | Gauntlet | Found a large runed translucent door.
 22134 | Gauntlet | Found a runed translucent door.
 22135 | Gauntlet | Found a large runed translucent door.
 22136 | Gauntlet | Found a large runed translucent door.
 22137 | Gauntlet | Found a large runed translucent door.
 22137 | Gauntlet | Found a large runed translucent door.
 22138 | Gauntlet | Found a runed translucent gate.
 22138 | Gauntlet | Found a runed translucent gate.
 22140 | Gauntlet | Found a transporter.
 22149 | Gauntlet | Found a runed translucent gate.
 22150 | Gauntlet | Found a large runed translucent door.
 22151 | Gauntlet | Found a large runed translucent door.
 22152 | Gauntlet | Found a large runed translucent door.
 22156 | Gauntlet | Found a transporter.
 22162 | Gauntlet | Found a transporter.
 22177 | Gauntlet | Found a transporter.
 22196 | Gauntlet | Found a transporter.
 22208 | Gauntlet | Found a transporter.
 22220 | Gauntlet | Found a transporter.
 22232 | Gauntlet | Found a transporter.
 22255 | Gauntlet | Found a transporter.
 22257 | Gauntlet | Found a transporter.
 22257 | Gauntlet | Found a transporter.
 22287 | Gauntlet | Found a transporter.
 22389 | Gauntlet | Found a transporter.
 22406 | Gauntlet | Found a transporter.
 22425 | Gauntlet | Found a transporter.
 22473 | Gauntlet | Found a transporter.
 22842 | Gauntlet | Got a pair of faintly glowing gloves
 22848 | Gauntlet | Identified the +1 pair of gloves of Semn {rElec} (You found
                  | it in a Gauntlet)
 22900 | Gauntlet | Reached skill level 5 in Throwing
 23396 | D:14     | Found a gate to the Vaults.
 23482 | D:14     | Reached skill level 5 in Evocations
 23507 | D:14     | Found a shimmering blue altar of Sif Muna.
 24467 | D:15     | Received a gift from Trog
 24492 | D:15     | Found a staircase to the Depths.
 25142 | Shoals:1 | Entered Level 1 of the Shoals
 25337 | Shoals:1 | Reached skill level 15 in Shields
 25745 | Shoals:1 | Reached XP level 16. HP: 135/159 MP: 18/18
 25876 | Shoals:1 | Reached skill level 19 in Fighting
 26461 | Shoals:2 | Received a gift from Trog
 27014 | Shoals:3 | Noticed Polyphemus
 27510 | Shoals:3 | Killed Polyphemus
 28262 | Shoals:3 | Received a gift from Trog
 28678 | Shoals:4 | Entered Level 4 of the Shoals
 28742 | Shoals:4 | Lost mutation: Your mind is acute. (Int +2) [potion of
                  | mutation]
 28742 | Shoals:4 | Gained mutation: Your flesh is heat resistant. (rF+)
                  | [potion of mutation]
 28742 | Shoals:4 | Gained mutation: Your system is resistant to poisons.
                  | (rPois) [potion of mutation]
 28742 | Shoals:4 | Gained mutation: You have a pair of large horns on your
                  | head. [potion of mutation]
 28829 | Shoals:4 | Lost mutation: You have a pair of large horns on your head.
                  | [potion of mutation]
 28829 | Shoals:4 | Lost mutation: Your flesh is heat resistant. (rF+) [potion
                  | of mutation]
 28829 | Shoals:4 | Lost mutation: Your system is resistant to poisons. (rPois)
                  | [potion of mutation]
 28829 | Shoals:4 | Gained mutation: You have a somewhat thin skeletal
                  | structure. (Dex +2, Stealth) [potion of mutation]
 28829 | Shoals:4 | Gained mutation: Your muscles are strong. (Str +2) [potion
                  | of mutation]
 29945 | Shoals:4 | Reached skill level 20 in Fighting
 30039 | Shoals:4 | Received a gift from Trog
 30801 | Shoals:4 | Reached XP level 17. HP: 158/170 MP: 17/19
 30843 | Shoals:4 | Got a barnacled rune of Zot
 30868 | Shoals:4 | Identified the cursed -6 kite shield of Pojichium {Stlth+}
 31090 | Shoals:4 | Reached skill level 10 in Throwing
 31423 | Snake:1  | Entered Level 1 of the Snake Pit
 31932 | Snake:1  | Received a gift from Trog
 32221 | Snake:2  | Noticed Saint Roka
 32254 | Snake:2  | Killed Saint Roka
 32587 | Snake:2  | Found a bloodstained altar of Trog.
 33156 | Snake:3  | Received a gift from Trog
 33191 | Snake:3  | Found Fooklu's Antique Armour Boutique.
 33619 | Snake:3  | Reached skill level 15 in Armour
 33820 | Snake:4  | Entered Level 4 of the Snake Pit
 34431 | Snake:4  | Found Kafuviu's Assorted Antiques.
 34605 | Snake:4  | Found Dakoosy's Antique Armour Boutique.
 34615 | Snake:4  | Bought a pair of embroidered boots for 225 gold pieces
 34662 | Snake:4  | Found Eluxzite's Jewellery Emporium.
 34735 | Snake:4  | Found Pyas's Gadget Emporium.
 35022 | Snake:4  | Received a gift from Trog
 35116 | Snake:4  | Reached XP level 18. HP: 167/178 MP: 21/23
 35523 | Snake:4  | Reached skill level 10 in Evocations
 35637 | Snake:4  | Received a gift from Trog
 35747 | Snake:4  | Got a serpentine rune of Zot
 36814 | Snake:3  | Bought a faintly humming kite shield for 313 gold pieces
 36824 | Snake:3  | Identified the +6 kite shield "Tiathrer" {rElec rN+} (You
                  | bought it in a shop on level 3 of the Snake Pit)
 36827 | Snake:3  | Bought an ancient plate armour for 924 gold pieces
 36837 | Snake:3  | Identified the +5 plate armour "Niob" {rC+ rCorr} (You
                  | bought it in a shop on level 3 of the Snake Pit)
 37096 | Orc:1    | Entered Level 1 of the Orcish Mines
 37662 | Orc:2    | Entered Level 2 of the Orcish Mines
 37718 | Orc:2    | Received a gift from Trog
 38186 | Orc:1    | Found Ogugelown's Book Emporium.
 38500 | Orc:2    | Found a staircase to the Elven Halls.
 38529 | Orc:2    | Received a gift from Trog
 39060 | Orc:2    | Found Doshref's Jewellery Shoppe.
 39060 | Orc:2    | Found Bompeqy's Jewellery Emporium.
 39060 | Orc:2    | Found Uhemm's Book Shoppe.
 39063 | Orc:2    | Found Ugeanach's Food Emporium.
 39103 | Orc:2    | Bought the ring of Knowledge {rF+ rC+ rN+ MR+} for 652 gold
                  | pieces
 39716 | Vaults:1 | Entered Level 1 of the Vaults
 39933 | Vaults:1 | Received a gift from Trog
 40705 | Vaults:1 | Noticed a Hell Sentinel
 40709 | Vaults:1 | Noticed an Ice Fiend
 40709 | Vaults:1 | Reached XP level 19. HP: 185/185 MP: 26/26
 41193 | Vaults:1 | Received a gift from Trog
 41379 | Vaults:1 | Found Quseos's General Store.
 41417 | Vaults:1 | Bought a potion of heal wounds for 65 gold pieces
 41996 | Vaults:2 | Received a gift from Trog
 42351 | Vaults:2 | Found a staircase to the Crypt.
 42351 | Vaults:2 | Found a basalt altar of Yredelemnul.
 42351 | Vaults:2 | Found an ancient bone altar of Kikubaaqudgha.
 42431 | Vaults:2 | Found Lavuem's Gadget Boutique.
 43411 | Vaults:2 | Received a gift from Trog
 43835 | Vaults:3 | Found a flickering gateway to a bazaar.
 43843 | Bazaar   | Entered a bazaar
 43848 | Bazaar   | Found Hiopukol's Distillery.
 43854 | Bazaar   | Found Xafaen's Antique Armour Emporium.
 43859 | Bazaar   | Found Canoc's Jewellery Boutique.
 43876 | Bazaar   | Found Zeyl's Jewellery Shoppe.
 45051 | Vaults:3 | Reached XP level 20. HP: 169/195 MP: 28/28
 45205 | Vaults:3 | Received a gift from Trog
 45491 | Vaults:4 | Gained mutation: You tend to lose your temper in combat. [a
                  | neqoxec]
 45514 | Vaults:4 | Lost mutation: Your muscles are strong. (Str +2) [potion of
                  | mutation]
 45514 | Vaults:4 | Lost mutation: You have a beak for a mouth. [potion of
                  | mutation]
 45514 | Vaults:4 | Lost mutation: You have a somewhat thin skeletal structure.
                  | (Dex +2, Stealth) [potion of mutation]
 45514 | Vaults:4 | Gained mutation: You are robust. (+10% HP) [potion of
                  | mutation]
 45514 | Vaults:4 | Gained mutation: You are weak. (Str -2) [potion of
                  | mutation]
 45514 | Vaults:4 | Gained mutation: You have large cloven feet. [potion of
                  | mutation]
 45788 | Vaults:4 | Reached skill level 21 in Fighting
 45818 | Vaults:4 | Received a gift from Trog
 47019 | Elf:1    | Entered Level 1 of the Elven Halls
 47058 | Elf:1    | Identified Roxanne's Grimoire of Transformation
 47058 | Elf:1    | Noticed Roxanne
 47078 | Elf:1    | Killed Roxanne
 47333 | Elf:1    | Received a gift from Trog
 47333 | Elf:1    | Reached skill level 15 in Dodging
 47400 | Elf:1    | Noticed Nikola
 47415 | Elf:1    | Killed Nikola
 47692 | Elf:1    | Received a gift from Trog
 48017 | Elf:1    | Noticed Aizul
 48024 | Elf:1    | Killed Aizul
 48952 | Elf:2    | Found a radiant altar of Vehumet.
 49044 | Elf:2    | Found a runed translucent gate.
 49044 | Elf:2    | Found a runed translucent gate.
 49044 | Elf:2    | Found a runed translucent gate.
 49246 | Elf:2    | Reached skill level 22 in Fighting
 49266 | Elf:2    | Reached ****** piety under Trog
 49294 | Elf:2    | Reached XP level 21. HP: 182/227 MP: 29/29
 49295 | Elf:2    | Received a gift from Trog
 49676 | Elf:3    | Entered Level 3 of the Elven Halls
 49765 | Elf:3    | Lost mutation: You are robust. (+10% HP) [potion of
                  | mutation]
 49765 | Elf:3    | Lost mutation: You are weak. (Str -2) [potion of mutation]
 49765 | Elf:3    | Gained mutation: You are partially covered in icy blue
                  | scales. (AC +2) [potion of mutation]
 49765 | Elf:3    | Gained mutation: You have supernaturally acute eyesight.
                  | (SInv) [potion of mutation]
 50604 | Elf:3    | Received a gift from Trog
 51073 | Elf:3    | Reached skill level 23 in Fighting
 51110 | Elf:3    | Identified the cursed +1 short sword "Kizite" {flame, Dex+4
                  | SInv}
 51326 | Elf:3    | Identified the amulet "Tofiaj" {Faith +Inv rPois Str-3
                  | Int+4}
 51610 | Elf:3    | Identified the +6 whip "Impslayer" {freeze, *Contam Str+6
                  | Int+3}
 51812 | Elf:3    | Received a gift from Trog
 51927 | Elf:3    | Identified the +5 broad axe of Caskuh {vorpal, rN++ Int+4}
 51927 | Elf:3    | Identified the +3 leather armour "Nucvup" {-Tele Str+2
                  | Stlth+}
 51988 | Elf:3    | Reached skill level 24 in Fighting
 52042 | Elf:3    | Identified the Guide on Scorching Malediction
 52469 | Depths:1 | Entered Level 1 of the Depths
 52553 | Depths:1 | Found Meddobeal's General Store.
 52556 | Depths:1 | Found Fanuf's Food Boutique.
 52556 | Depths:1 | Found Mosipp's Jewellery Shop.
 52561 | Depths:1 | Found Pacel Qoj's Weapon Boutique.
 53011 | Depths:1 | Bought the amulet of the Four Winds {rN+ MR+++ Clar} for
                  | 658 gold pieces
 53011 | Depths:1 | Found the amulet of the Four Winds {rN+ MR+++ Clar}
 53027 | Depths:1 | Found a one-way gate to the infinite horrors of the Abyss.
 53050 | Depths:1 | Found Suoshrapo's Distillery.
 53061 | Depths:1 | Noticed Sojobo
 53090 | Depths:1 | Killed Sojobo
 53277 | Depths:1 | Noticed Mara
 53283 | Depths:1 | Noticed Odyssey's illusion
 53617 | Depths:1 | Noticed Odyssey's illusion
 53660 | Depths:1 | Noticed Odyssey's illusion
 53683 | Depths:1 | Killed Mara
 53925 | Depths:1 | Reached XP level 22. HP: 217/223 MP: 30/30
 53951 | Depths:1 | Received a gift from Trog
 54377 | Depths:1 | Found a gateway to Hell.
 54711 | Vaults:5 | Entered Level 5 of the Vaults
 55246 | Vaults:5 | Noticed a golden dragon
 55261 | Vaults:5 | Paralysed by a floating eye for 4 turns
 55296 | Vaults:4 | Killed a golden dragon
 56010 | Vaults:5 | Received a gift from Trog
 56188 | Vaults:5 | Noticed an ancient lich
 56200 | Vaults:5 | Killed an ancient lich
 56721 | Vaults:5 | Identified the +9 shadow dragon scales of Defiance {rElec
                  | rC- SInv Stlth++++}
 57290 | Vaults:5 | Reached skill level 25 in Fighting
 57320 | Vaults:5 | Identified the cursed +1 fustibalus of the Desolation of
                  | Salt {freeze, +Inv rElec MR- Int+3}
 57346 | Vaults:5 | Received a gift from Trog
 57517 | Vaults:5 | Got a silver rune of Zot
 57565 | Vaults:5 | Reached XP level 23. HP: 234/234 MP: 31/31
 58591 | Vaults:5 | Found the +0 pair of fencer's gloves {Riposte Dex+3}
 58615 | Vaults:5 | Lost mutation: You have large cloven feet. [potion of
                  | mutation]
 58615 | Vaults:5 | Lost mutation: You tend to lose your temper in combat.
                  | [potion of mutation]
 58615 | Vaults:5 | Lost mutation: You are partially covered in icy blue
                  | scales. (AC +2) [potion of mutation]
 58615 | Vaults:5 | Gained mutation: You passively map a small area around you.
                  | [potion of mutation]
 58615 | Vaults:5 | Gained mutation: You are partially covered in molten
                  | scales. (AC +2) [potion of mutation]
 58615 | Vaults:5 | Gained mutation: Your spells are a little harder to cast,
                  | but a little more powerful. [potion of mutation]
 58615 | Vaults:5 | Gained mutation: You possess an exceptional clarity of
                  | mind. [potion of mutation]
 59351 | Depths:2 | Received a gift from Trog
 60277 | Depths:2 | Found a sparkling altar of Nemelex Xobeh.
 60687 | Depths:3 | Received a gift from Trog
 61469 | Depths:3 | Noticed Bai Suzhen
 61477 | Depths:3 | Killed Bai Suzhen
 61620 | Depths:3 | Received a gift from Trog
 61679 | Depths:3 | Noticed a juggernaut
 61689 | Depths:3 | Killed a juggernaut
 61689 | Depths:3 | Reached skill level 15 in Throwing
 61838 | Depths:3 | Noticed a caustic shrike
 61843 | Depths:3 | Killed a caustic shrike
 62171 | Depths:3 | Reached XP level 24. HP: 245/245 MP: 31/31
 62217 | Depths:3 | Reached skill level 26 in Fighting
 62637 | Depths:3 | Received a gift from Trog
 62641 | Depths:3 | Found a one-way gate leading to the halls of Pandemonium.
 62921 | Depths:4 | Found a gateway to a ziggurat.
 62969 | Depths:4 | Noticed Xtahua
 62996 | Depths:4 | Killed Xtahua
 63515 | Depths:4 | Received a gift from Trog
 63726 | Depths:4 | You fall into a shaft and drop 1 floor!
 63726 | Depths:5 | Entered Level 5 of the Depths
 63826 | Depths:5 | Noticed Boris
 63838 | Depths:5 | Killed Boris
 65226 | Depths:5 | Found a gate to the Realm of Zot.
 65280 | Depths:5 | Received a gift from Trog
 65387 | Zot:1    | Entered Level 1 of the Realm of Zot
 65720 | Zot:1    | Reached XP level 25. HP: 255/255 MP: 31/31
 66141 | Zot:1    | Noticed an orb of fire
 66173 | Zot:1    | Killed an orb of fire
 66247 | Zot:1    | Reached skill level 27 in Fighting
 67416 | Zot:2    | Received a gift from Trog
 67475 | Zot:2    | You fall into a shaft and drop 2 floors!
 68712 | Zot:3    | Got a warped kite shield
 68723 | Zot:3    | Identified the +2 kite shield of Syndicalism {Int+4 Dex+2}
                  | (You found it on level 3 of the Realm of Zot)
 69323 | Zot:3    | Received a gift from Trog
 69724 | Zot:3    | Identified the +9 morningstar of Cataclysm {elec, rElec rC-
                  | Int+5 Dex+2}
 70345 | Zot:3    | Reached XP level 26. HP: 265/265 MP: 31/31
 71222 | Zot:2    | Received a gift from Trog
 73649 | Zot:5    | Entered Level 5 of the Realm of Zot
 74016 | Zot:5    | Noticed an orb of fire
 74016 | Zot:5    | Noticed an orb of fire
 74023 | Zot:5    | Gained mutation: You are weak. (Str -2) [an orb of fire]
 74025 | Zot:5    | Gained mutation: You are very weak. (Str -4) [an orb of
                  | fire]
 74176 | Zot:4    | Killed an orb of fire
 74186 | Zot:5    | Killed an orb of fire
 75390 | Zot:5    | Noticed an ancient lich
 75390 | Zot:5    | Noticed an orb of fire
 75390 | Zot:5    | Noticed an orb of fire
 75390 | Zot:5    | Noticed an orb of fire
 75392 | Zot:5    | Lost mutation: You have supernaturally acute eyesight.
                  | (SInv) [an orb of fire]
 75400 | Zot:5    | Gained mutation: You occasionally shout uncontrollably at
                  | your foes. [an orb of fire]
 75640 | Zot:5    | Killed an orb of fire
 75943 | Zot:5    | Noticed an ancient lich
 75944 | Zot:5    | Noticed an orb of fire
 75947 | Zot:5    | Noticed an orb of fire
 75950 | Zot:5    | Noticed an orb of fire
 75951 | Zot:5    | Noticed an orb of fire
 75955 | Zot:5    | Killed an ancient lich
 75955 | Zot:5    | Reached XP level 27. HP: 234/272 MP: 33/33
 75956 | Zot:5    | Noticed an ancient lich
 75960 | Zot:5    | Noticed an ancient lich
 75964 | Zot:5    | Noticed an ancient lich
 75964 | Zot:5    | Noticed an ancient lich
 75980 | Zot:5    | Killed an ancient lich
 75981 | Zot:5    | Gained mutation: Your magical capacity is low. (-10% MP)
                  | [an orb of fire]
 75987 | Zot:5    | Killed an ancient lich
 75988 | Zot:5    | Received a gift from Trog
 75994 | Zot:5    | Gained mutation: You are dopey. (Int -2) [mutagenic glow]
 76000 | Zot:5    | Reached skill level 15 in Evocations
 76010 | Zot:4    | Killed an ancient lich
 76352 | Zot:4    | Lost mutation: You passively map a small area around you.
                  | [potion of mutation]
 76352 | Zot:4    | Lost mutation: You are dopey. (Int -2) [potion of mutation]
 76352 | Zot:4    | Lost mutation: Your magical capacity is low. (-10% MP)
                  | [potion of mutation]
 76352 | Zot:4    | Gained mutation: You are agile. (Dex +2) [potion of
                  | mutation]
 76352 | Zot:4    | Gained mutation: You passively map a small area around you.
                  | [potion of mutation]
 76369 | Zot:4    | Lost mutation: You are agile. (Dex +2) [an orb of fire]
 76372 | Zot:4    | Gained mutation: You are dopey. (Int -2) [an orb of fire]
 76375 | Zot:4    | Gained mutation: You are clumsy. (Dex -2) [an orb of fire]
 76383 | Zot:4    | Gained mutation: You have large cloven feet. [an orb of
                  | fire]
 76385 | Zot:4    | Killed an orb of fire
 76396 | Zot:4    | Gained mutation: Armour fits poorly on your strangely
                  | shaped body. [an orb of fire]
 76406 | Zot:4    | Killed an orb of fire
 76854 | Zot:5    | Killed an ancient lich
 76876 | Zot:5    | Gained mutation: You are occasionally teleported next to
                  | monsters. [an orb of fire]
 77229 | Zot:5    | Gained mutation: Scrolls take you a little longer to read.
                  | [an orb of fire]
 77270 | Zot:5    | HP: 6/273 [Orb Guardian (24)]
 77282 | Zot:5    | Slain by an Orb Guardian

Levels and vault maps discovered:
D:1:      dpeg_arrival_shelter, layout_basic
D:2:      wander_river, layout_rooms, nrook_loot_triangle, uniq_jessica,
          uniq_sigmund
D:3:      layout_basic, first_ration, minmay_misc_feat_roman,
          grunt_ministairs_13, uniq_purgy, uniq_terence, uniq_natasha,
          uniq_robin, uniq_crazy_yiuf_cottage
D:4:      layout_basic
D:5:      gammafunk_steamed_eel, layout_layer_cave, minmay_temple_entry_tees
D:6:      layout_loops_ring, lemuel_doored_altar, basic_altar, uniq_grinder,
          uniq_menkaure
D:7:      layout_loops_corners, serial_shops, kennysheep_mini, basic_altar,
          hellmonk_ghost_happy_afterlife, grunt_ogre_cave
D:8:      minmay_the_grid_square_5x5_3x3
          [minmay_the_grid_square_5x5_tetrominoes,
          minmay_the_grid_square_5x5_spiral_small,
          minmay_the_grid_square_5x5_shrine1,
          minmay_the_grid_square_5x5_minimal,
          minmay_the_grid_square_5x5_megaprize_checkered,
          minmay_the_grid_square_5x5_spiral, minmay_the_grid_square_5x5_meh,
          minmay_the_grid_square_5x5_shrine2, minmay_the_grid_square_5x5_forky],
          layout_loops_cross, dpeg_lair_monsters, minmay_misc_feat_iff,
          uniq_psyche, uniq_pikel, uniq_harold, uniq_prince_ribbit1
D:9:      layout_roguey, serial_glass, glass_columns_a, glass_columns_c,
          glass_columns_b, glass_columns_c, basic_altar, okawaru_metal_pillars_3
D:10:     layout_roguey, minmay_increasing_density
D:11:     layout_basic
D:12:     layout_roguey, orc_0_dummy
D:13:     layout_long_grid, gammafunk_ghost_grave, minivault_16
D:14:     layout_loops_ring, grunt_vaults_entry_tiered, gauntlet_entry_generic,
          columned_hall_lemuel, basic_altar
D:15:     gammafunk_enter_depths_forms, layout_irregular_city, minivault_27
Lair:1:   beast_lair_carwin_large_4, layout_regular_city,
          grunt_forest_small_clearings
Lair:2:   layout_long_grid, minmay_snake_entry_spellcaster,
          minmay_shattered_shrine
Lair:3:   layout_regular_city, serial_bayou_shore_a, uniq_snorg
Lair:4:   layout_hall_layers, shoals_dummy_entry,
          portal_ice_cave_entry_ice_beasts, minmay_lair_oklob_chamber
Lair:5:   layout_regular_city, grunt_megastairs_2, infiniplex_staircase_pool,
          lemuel_fruit_tree
Lair:6:   grunt_lair_end_beastmaster, layout_misc_corridors,
          nicolae_slime_entry_slimehenge, serial_rivers,
          chequers_serial_rivers_small_b, chequers_serial_rivers_micro_e,
          chequers_serial_rivers_small_3, chequers_serial_rivers_large_a,
          chequers_serial_rivers_small_a, uniq_kirke
Shoals:1: layout_shoals, nicolae_shoals_so_close
Shoals:2: cheibrodos_shoals_baths, layout_shoals
Shoals:3: layout_shoals, uniq_polyphemus
Shoals:4: shoals_end_simple, layout_shoals, nicolae_shoals_aquamancer_cove
Snake:1:  layout_rooms, drop_trap, fake_guardian_serpent_vault
Snake:2:  layout_concentric_octagons, basic_altar, uniq_saint_roka
Snake:3:  layout_onion_interference, serial_bayou, serial_bayou_crossing,
          serial_bayou_pond_c, serial_bayou_ford_a, serial_bayou_pond_c,
          serial_bayou_lagoon_a, serial_shops, nicolae_shop_overgrown_old_shop
Snake:4:  grunt_snake_rune_pools, layout_onion, serial_shops,
          nicolae_shop_trees, shop, nicolae_shop_temple_entry_statues_fountains,
          shop
Orc:1:    layout_diamond_mine, serial_shops, shop, minmay_orc_treasury
Orc:2:    st_orc_mages, layout_caves
Elf:1:    layout_gridlike, hangedman_elf_represent, uniq_aizul, uniq_nikola,
          uniq_roxanne
Elf:2:    layout_gridlike, basic_altar
Elf:3:    minmay_elf_hall_four_x, layout_geoelf_castle, minivault_25
Vaults:1: nicolae_vaults_back_hallway, hangedman_vaults_capsules,
          nicolae_vaults_windows_and_doors_thing, v_misc_29, v_misc_27,
          nicolae_vaults_murderbox, v_misc_10, v_misc_29,
          nicolae_vaults_little_squares_1, hangedman_vaults_impose, v_misc_19,
          grunt_vaults_hallway_short, v_misc_8, layout_vaults_omnicross,
          serial_shops, shop
Vaults:2: minmay_crypt_entry_necro_gods, v_rooms_2,
          nicolae_vaults_specimen_jars, nicolae_vaults_circle_grid_b,
          ontoclasm_vaults_chip, nicolae_vaults_c_with_doors,
          ontoclasm_vaults_fault, serial_ice_g, layout_vaults_quadrants,
          serial_shops, shop
Vaults:3: nicolae_vaults_network_quinsquares
          [nicolae_vaults_network_quincunx_subvault,
          nicolae_vaults_network_quincunx_subvault,
          nicolae_vaults_network_quincunx_subvault,
          nicolae_vaults_network_quincunx_subvault], vaults_room_door_hall,
          vaults_mumra_minichess, grunt_vaults_hallway_long,
          nicolae_vaults_network_periphery, vaults_room_door_hall,
          vaults_mumra_hex, hangedman_vaults_impose, v_misc_25, st_lattice,
          v_misc_23, layout_vaults_ring, serial_shops, freezing_bzr
Vaults:4: ontoclasm_vaults_eye, hangedman_vaults_unwind, v_misc_23,
          ontoclasm_vaults_hangar, vaults_room_stairs_pillars, v_alt_pattern_6,
          nicolae_vaults_triangles, dpeg_vaults_monster_row, v_misc_18,
          nicolae_vaults_little_ls, hangedman_vaults_stretched_pinwheel,
          nicolae_vaults_circle_grid_a, layout_vaults_omnibox
Vaults:5: serial_shops
Depths:1: layout_small_grid, serial_shops, nicolae_shop_behind_doors,
          abyss_entry_crystal, hellmouth_1, minmay_orc_keep, minmay_shoptagon,
          firewood_loft, uniq_mara, uniq_sojobo
Depths:2: hangedman_cross_stitches, layout_gridlike, kennysheep_crisscross,
          hangedman_coc_ice_floe, nemelex_xobeh_ov_fountains_minmay
Depths:3: cell_vault, layout_gridlike, hell_entry, rand_demon_pan_entry_4,
          abyss_entry_small_statue_room, uniq_bai_suzhen
Depths:4: grunt_twist_and_shout, layout_basic, enter_ziggurat_d, abyss_entry,
          grunt_hell_entry_dis_grunt, uniq_xtahua
Depths:5: grunt_zot_entry_gee_three, layout_gridlike, pan_entry,
          pf_hell_entry_tar_river, chequers_serial_rivers_micro_d, uniq_boris
Zot:1:    layout_cathedral_of_symmetry, lemuel_flame_loot_1
Zot:2:    layout_concentric_octagons
Zot:3:    hangedman_zot_vaults_quadrants, layout_onion_interference
Zot:4:    layout_cathedral_of_symmetry, st_small_dragon_hoard_5
Zot:5:    layout_twisted_circle, lemuel_lake_of_fire

Skill      XL: |  1  2  3  4  5  6  7  8  9 10 11 12 13 14 15 16 17 18 19 20 21 22 23 24 25 26 27 |
---------------+----------------------------------------------------------------------------------+-----
Fighting       | 4 6 7 8 9 11 12 14 16 17 18 20 22 24 25 26 27 | 27.0
Maces & Flails | 4 6 7 8 9 11 14 16 18 | 18.0
Armour         | 4 5 8 10 13 15 16 18 19 20 21 24 25 26 | 26.4
Dodging        | 4 5 8 10 12 13 15 16 17 18 | 18.5
Shields        | 4 10 11 13 15 16 18 20 21 22 24 | 24.5
Throwing       | 2 6 9 12 13 15 16 | 16.0
Evocations     | 2 5 8 10 12 13 14 15 | 15.0

Action                   |  1- 3 |  4- 6 |  7- 9 | 10-12 | 13-15 | 16-18 | 19-21 | 22-24 | 25-27 || total
-------------------------+-------+-------+-------+-------+-------+-------+-------+-------+-------++-------
Melee: Mace              |    83 |   118 |   320 |    31 |       |       |       |       |       ||   552
       Headbutt          |     6 |    18 |    69 |   162 |   312 |   440 |   399 |   577 |   396 ||  2379
       Dire flail        |       |       |       |    78 |       |       |       |       |       ||    78
       Morningstar       |       |       |       |   554 |       |       |       |       |       ||   554
       Eveningstar       |       |       |       |       |  1116 |  1479 |  1438 |  1493 |   987 ||  6513
       Peck              |       |       |       |       |   138 |   407 |   151 |       |       ||   696
Throw: Dart              |       |       |       |    13 |       |       |       |       |       ||    13
       Boomerang         |       |       |       |       |    25 |    20 |       |       |       ||    45
       Javelin           |       |       |       |       |       |     2 |    24 |    56 |    71 ||   153
Invok: Berserk           |     1 |     2 |     3 |     4 |     2 |     2 |       |       |       ||    14
       Trog's Hand       |       |     2 |     2 |     2 |     2 |     4 |    14 |    10 |    11 ||    47
       Brothers in Arms  |       |       |       |       |       |     1 |     1 |       |     2 ||     4
 Abil: Evoke Flight      |       |       |       |       |     4 |    24 |       |       |       ||    28
       Stop Flying       |       |       |       |       |     1 |       |       |       |       ||     1
Evoke: Wand              |       |       |       |       |     5 |       |       |     7 |    15 ||    27
       Box of beasts     |       |       |       |       |       |       |       |     1 |       ||     1
  Use: Potion            |       |     1 |       |       |     1 |     5 |     5 |     2 |    16 ||    30
       Scroll            |       |       |    14 |     7 |    15 |    13 |     9 |     2 |     9 ||    69
 Stab: Confused          |       |       |       |       |     2 |       |       |       |       ||     2
       Sleeping          |       |       |       |       |       |       |       |    10 |     4 ||    14
       Distracted        |       |       |       |       |       |       |       |     3 |     2 ||     5
  Eat: Chunk             |     3 |     6 |    19 |    24 |    29 |    43 |    43 |    25 |     7 ||   199
       Ration            |       |       |       |     1 |     3 |     4 |     2 |     5 |    10 ||    25
Armor: Animal skin       |    14 |    12 |       |       |       |       |       |       |       ||    26
       Ring mail         |       |    44 |    18 |       |       |       |       |       |       ||    62
       Chain mail        |       |       |    54 |       |       |       |       |       |       ||    54
       Plate armour      |       |       |    49 |   242 |   379 |   434 |   410 |   193 |       ||  1707
       Shadow dragon sca |       |       |       |       |       |       |       |   239 |   189 ||   428
       Gold dragon scale |       |       |       |       |       |       |       |       |   194 ||   194
Dodge: Dodged            |    62 |    97 |   105 |   144 |   351 |   518 |   393 |   562 |   408 ||  2640
Block: Other             |       |       |    41 |    11 |       |       |       |       |       ||    52
       Reflection        |       |       |     4 |    12 |    35 |   119 |   133 |       |       ||   303
       Kite shield       |       |       |       |   350 |   809 |  1347 |  1267 |  1305 |   936 ||  6014
       Rpst.: Eveningstar |       |       |       |       |       |       |       |    29 |    59 ||    88

Table legend:
 A = Non-vault XP
 B = Vault XP
 C = Vault XP percentage of total XP
 D = Non-vault monster count
 E = Vault monster count
 F = Vault count percentage of total count
                 A         B        C        D         E       F
            +---------+---------+-------+---------+---------+-------
      Total |  814567 |  762934 |  48.4 |    1470 |     805 |  35.4
            +---------+---------+-------+---------+---------+-------
        D:1 |      34 |       0 |   0.0 |      21 |       0 |   0.0
        D:2 |     105 |     260 |  71.2 |      32 |       2 |   5.9
        D:3 |     118 |     290 |  71.1 |      15 |      19 |  55.9
        D:4 |     470 |       0 |   0.0 |      21 |       0 |   0.0
        D:5 |     350 |     218 |  38.4 |      18 |       4 |  18.2
        D:6 |     794 |     437 |  35.5 |      23 |       2 |   8.0
        D:7 |    1511 |    3080 |  67.1 |      32 |       6 |  15.8
        D:8 |    1617 |    7151 |  81.6 |      22 |      14 |  38.9
        D:9 |    3151 |       0 |   0.0 |      41 |       0 |   0.0
       D:10 |    3840 |    1113 |  22.5 |      44 |       4 |   8.3
       D:11 |    5652 |       0 |   0.0 |      34 |       0 |   0.0
       D:12 |    5105 |       0 |   0.0 |      34 |       0 |   0.0
       D:13 |    8249 |     988 |  10.7 |      36 |       1 |   2.7
       D:14 |    9138 |    7455 |  44.9 |      31 |      25 |  44.6
       D:15 |   15089 |    3105 |  17.1 |      43 |      10 |  18.9
     Lair:1 |    3945 |    2901 |  42.4 |      11 |      16 |  59.3
     Lair:2 |    2881 |    2666 |  48.1 |      11 |       6 |  35.3
     Lair:3 |    7728 |    2127 |  21.6 |      20 |       2 |   9.1
     Lair:4 |    7856 |    1288 |  14.1 |      27 |      10 |  27.0
     Lair:5 |    8289 |     837 |   9.2 |      17 |       4 |  19.0
     Lair:6 |    7038 |   10536 |  60.0 |      20 |      23 |  53.5
   Shoals:1 |    9114 |     174 |   1.9 |      22 |       1 |   4.3
   Shoals:2 |   11180 |    5230 |  31.9 |      22 |      10 |  31.2
   Shoals:3 |   16340 |    7213 |  30.6 |      37 |       8 |  17.8
   Shoals:4 |   10787 |   16429 |  60.4 |      22 |      29 |  56.9
    Snake:1 |   20984 |     427 |   2.0 |      41 |       1 |   2.4
    Snake:2 |    7667 |    5870 |  43.4 |      12 |      13 |  52.0
    Snake:3 |    7339 |       0 |   0.0 |      15 |       0 |   0.0
    Snake:4 |   15739 |   40800 |  72.2 |      29 |      57 |  66.3
      Orc:1 |    6258 |    7781 |  55.4 |      49 |      39 |  44.3
      Orc:2 |    2860 |    4990 |  63.6 |      17 |      42 |  71.2
      Elf:1 |   15289 |   13999 |  47.8 |      27 |      12 |  30.8
      Elf:2 |   13823 |   24242 |  63.7 |      20 |      31 |  60.8
      Elf:3 |   10375 |   59552 |  85.2 |      19 |      39 |  67.2
   Vaults:1 |   33221 |   23118 |  41.0 |      62 |      34 |  35.4
   Vaults:2 |   32513 |   13939 |  30.0 |      58 |      18 |  23.7
   Vaults:3 |   17715 |   27635 |  60.9 |      27 |      36 |  57.1
   Vaults:4 |   21814 |   60706 |  73.6 |      33 |      54 |  62.1
   Vaults:5 |   24333 |   91756 |  79.0 |      34 |      58 |  63.0
   Depths:1 |   26293 |   29042 |  52.5 |      38 |      16 |  29.6
   Depths:2 |   29582 |   10555 |  26.3 |      48 |      11 |  18.6
   Depths:3 |   41631 |   48326 |  53.7 |      64 |      26 |  28.9
   Depths:4 |   38300 |   11439 |  23.0 |      49 |       7 |  12.5
   Depths:5 |   11204 |   39844 |  78.1 |      11 |      21 |  65.6
      Zot:1 |   58913 |       0 |   0.0 |      31 |       0 |   0.0
      Zot:2 |   46618 |       0 |   0.0 |      24 |       0 |   0.0
      Zot:3 |   68373 |   40187 |  37.0 |      40 |      25 |  38.5
      Zot:4 |   77980 |   39916 |  33.9 |      39 |       8 |  17.0
      Zot:5 |   45362 |   86999 |  65.7 |      27 |      21 |  43.8
      IceCv |       0 |    4372 | 100.0 |       0 |      26 | 100.0
   Gauntlet |       0 |    3941 | 100.0 |       0 |      14 | 100.0
            +---------+---------+-------+---------+---------+-------
